 Dungeon Crawl Stone Soup version 0.23.0-3-gf3c87f2 (webtiles) character file.

Game seed: 421422759201526372

79 vishdafish the Charmwright (level 4, 15/34 HPs)
             Began as a Demonspawn Skald on Feb 22, 2019.
             Quit the game on level 2 of the Dungeon.
             The game lasted 00:01:10 (877 turns).

vishdafish the Charmwright (Demonspawn Skald)        Turns: 877, Time: 00:01:11

Health: 15/34      AC:  9    Str: 12    XL:     4   Next: 16%
Magic:  7/7        EV: 14    Int: 20    God:
Gold:   62         SH:  0    Dex: 17    Spells: 6/7 levels left

rFire    . . .     SeeInvis .   a - +0 falchion
rCold    . . .     Gourm    .   (no shield)
rNeg     . . .     Faith    +   e - +0 scale mail
rPois    .         Spirit   .   (helmet restricted)
rElec    .         Reflect  .   (no cloak)
rCorr    .         Harm     .   (no gloves)
MR       .....                  (no boots)
Stlth    +.........             h - amulet of faith
HPRegen  0.11/turn              (no ring)
MPRegen  0.10/turn              (no ring)

@: brilliant, agile, hasted, very quick
A: antennae 1, icy blue scales 2
a: no special abilities


You were on level 2 of the Dungeon.
You were not hungry.

You visited 1 branch of the dungeon, and saw 2 of its levels.

You collected 62 gold pieces.

Inventory:

Hand Weapons
 a - a +0 falchion (weapon)
Missiles
 j - 2 throwing nets (quivered)
Armour
 b - a +0 leather armour
 e - a +0 scale mail (worn)
Jewellery
 h - an amulet of faith (around neck)
Scrolls
 c - 3 scrolls of magic mapping {unknown}
 f - a scroll of blinking {unknown}
 g - 3 scrolls of identify {unknown}
Comestibles
 d - 5 rations


   Skills:
 + Level 2.4 Fighting
 + Level 2.6 Long Blades
 + Level 1.2 Armour
 + Level 2.2 Dodging
 + Level 2.2 Spellcasting
 + Level 3.2 Charms


You had 6 spell levels left.
You knew the following spells:

 Your Spells              Type           Power        Failure   Level  Hunger
a - Infusion              Chrm           ####         2%          1    #......

Your spell library contained the following spells:

 Spells                   Type           Power        Failure   Level  Hunger
 Song of Slaying          Chrm           ####....     4%          2    ##.....
 Shroud of Golubria       Chrm/Tloc      ###.......   8%          2    ##.....
 Regeneration             Chrm/Necr      ###.......   13%         3    ###....
 Spectral Weapon          Hex/Chrm       ###.....     13%         3    ###....


Dungeon Overview and Level Annotations

Branches:
Dungeon (2/15)

Altars:


Innate Abilities, Weirdness & Mutations

You have a pair of small antennae on your head.
You are mostly covered in icy blue scales. (AC +3)


Message History

You continue putting on your +0 scale mail. x5
You finish putting on your +0 scale mail.
Unknown command.
A frilled lizard comes into view.
The frilled lizard hisses angrily.
A frilled lizard is nearby!
A frilled lizard is nearby!
A frilled lizard is nearby!
You are too injured to fight recklessly!
You are too injured to fight recklessly!
You are too injured to fight recklessly!
You are too injured to fight recklessly!
You are too injured to fight recklessly!
You are too injured to fight recklessly!
You are too injured to fight recklessly!
You are too injured to fight recklessly!
You are too injured to fight recklessly!
You are too injured to fight recklessly!
You are too injured to fight recklessly!
Are you sure you want to abandon this character and quit the game? (Confirm with "yes".)

#.......# .. #.......#
#. ...#####...(...###
####.#..........##.#....
....l.#########.##.####.
....... #>...........
....... #.#...#.....#
.!.....#####)###.##....#
#.@.....# #.##.#...
######### #....#.##
######.## #.###.##
###......# #[..####.#
#.#....... ####.#.#....<
#............


You could see a frilled lizard.

Vanquished Creatures
  A bullfrog skeleton (D:2)
  Terence (D:2)
  2 oozes (D:1)
  2 leopard geckos (D:1)
  A bat (D:1)
  2 goblins (D:1)
  2 hobgoblins (D:1)
  2 kobolds (D:1)
  A frilled lizard (D:1)
  A rat (D:1)
15 creatures vanquished.

Notes
Turn   | Place    | Note
-------+----------+-------------------------------------------
     0 | D:1      | vishdafish the Demonspawn Skald began the quest for the
                  | Orb.
     0 | D:1      | Reached XP level 1. HP: 16/16 MP: 3/3
    18 | D:1      | Reached skill level 3 in Charms
    19 | D:1      | Gained mutation: You are partially covered in icy blue
                  | scales. (AC +2) [demonic ancestry]
    19 | D:1      | Reached XP level 2. HP: 12/22 MP: 5/5
   591 | D:2      | Reached skill level 1 in Armour
   591 | D:2      | Gained mutation: You have a pair of small antennae on your
                  | head. [demonic ancestry]
   591 | D:2      | Reached XP level 3. HP: 21/27 MP: 6/6
   809 | D:2      | Noticed Terence
   859 | D:2      | Killed Terence
   859 | D:2      | Gained mutation: You are mostly covered in icy blue scales.
                  | (AC +3) [demonic ancestry]
   859 | D:2      | Reached XP level 4. HP: 14/34 MP: 7/7
   877 | D:2      | Quit the game

Skill      XL: |  1  2 |
---------------+-------+-----
Charms         | 3 |  3.2
Long Blades    | 2 |  2.6
Dodging        | 2 |  2.2
Armour         | 1 |  1.2
Fighting       | |  2.4
Spellcasting   | |  2.2

Action                   |  1- 3 |  4- 6 || total
-------------------------+-------+-------++-------
Melee: Falchion          |    79 |       ||    79
  Use: Potion            |     8 |       ||     8
Armor: Leather armour    |    30 |       ||    30
Dodge: Dodged            |    51 |       ||    51
       Rpst.: Falchion   |    19 |       ||    19
